 Seeded DCSS version 0.28.0-53-g5a82cb258f (webtiles) character file.

Game seed: 9581929281390380060 (custom seed)

248 Kranky the Vandal (level 6, 0/44 HPs)
             Began as a Gnoll Wanderer on June 25, 2022.
             Slain by Crazy Yiuf
             ... wielding a +4 quarterstaff of chaos
              (13 damage)
             ... on level 4 of the Dungeon.
             The game lasted 00:08:04 (4480 turns).

Kranky the Vandal (Gnoll Wanderer)                  Turns: 4480, Time: 00:08:05

Health: 0/44       AC: 11    Str: 13    XL:     6   Next: 12%
Magic:  7/13       EV:  6    Int:  9    God:
Gold:   206        SH:  0    Dex: 14    Spells: 14/15 levels left

rFire   . . .      SeeInvis .   q - +3 dagger
rCold   . . .      Faith    .   (no shield)
rNeg    . . .      Spirit   .   n - +0 chain mail
rPois   .          Reflect  .   r - +0 helmet
rElec   +          Harm     .   (no cloak)
rCorr   .          Rampage  .   (no gloves)
Will    .....      NoTele   +   w - +0 pair of boots "Jywebuep" {-Tele rElec Regen+}
Stlth   ..........              (no amulet)
HPRegen 0.94/turn               (no ring)
MPRegen 0.13/turn               (no ring)

@: lethally poisoned (0 -> -1)
A: fangs 1, strong nose, distributed training
a: no special abilities


You were on level 4 of the Dungeon.
You visited 1 branch of the dungeon, and saw 4 of its levels.

You collected 206 gold pieces.

Inventory:

Hand Weapons
 a - a +0 hunting sling
 d - a +0 dagger
 q - a +3 dagger (weapon)
 s - a +1 whip of draining
Missiles
 b - 60 sling bullets
 c - 10 poisoned darts (quivered)
 g - 142 stones
Armour
 e - a +0 leather armour
 n - a +0 chain mail (worn)
 r - a +0 helmet (worn)
 w - the +0 pair of boots "Jywebuep" (worn) {-Tele rElec Regen+}
   (You found it on level 4 of the Dungeon)

   rElec:     It insulates you from electricity.
   -Tele:     It prevents most forms of teleportation.
   Regen:     It increases your rate of health regeneration.
Jewellery
 l - a ring of wizardry
 o - a +4 ring of protection
Wands
 A - a wand of acid (9)
Scrolls
 f - 2 scrolls of identify {unknown}
 j - a scroll of fog {unknown}
 m - a scroll of holy word {unknown}
 p - a scroll of blinking {unknown}
 t - 3 scrolls of vulnerability {unknown}
 u - a scroll of amnesia {unknown}
 v - 2 scrolls of teleportation {unknown}
 y - a scroll of enchant weapon {unknown}
Potions
 h - 2 potions of haste {unknown}
 i - 2 potions of heal wounds {unknown}
 k - 2 potions of lignification {unknown}
 x - a potion of ambrosia {unknown}
 z - 2 potions of curing {unknown}
 B - 2 potions of flight {unknown}


   Skills:
 + Level 1.8 Fighting
 + Level 1.8 Short Blades
 + Level 1.8 Long Blades
 + Level 1.8 Axes
 + Level 1.8 Maces & Flails
 + Level 1.8 Polearms
 + Level 1.8 Staves
 + Level 6.8 Slings
 + Level 1.8 Bows
 + Level 1.8 Crossbows
 + Level 3.1 Throwing
 + Level 3.1 Armour
 + Level 1.8 Dodging
 + Level 3.0 Stealth
 + Level 1.8 Shields
 + Level 1.8 Unarmed Combat
 + Level 5.3 Spellcasting
 + Level 1.4 Conjurations
 + Level 1.4 Hexes
 + Level 1.4 Summonings
 + Level 1.4 Necromancy
 + Level 1.4 Translocations
 + Level 1.4 Transmutations
 + Level 1.4 Fire Magic
 + Level 4.0 Ice Magic
 + Level 1.4 Air Magic
 + Level 1.4 Earth Magic
 + Level 1.4 Poison Magic
 + Level 2.0 Invocations
 + Level 1.8 Evocations


You had 14 spell levels left.
You knew the following spells:

 Your Spells              Type           Power      Damage    Failure   Level
a - Freeze                Ice            36%        1d6       80%         1

Your spell library contained the following spells:

 Spells                   Type           Power      Damage    Failure   Level
 Ensorcelled Hibernation  Hex/Ice        14%        N/A       98%         2
 Summon Ice Beast         Ice/Summ       7%         N/A       100%        4


Dungeon Overview and Level Annotations

Branches:
Dungeon (4/15)
 Temple: D:4-7

Altars:
Xom

Shops:
D:1 =

Annotations:
D:4 Crazy Yiuf


Innate Abilities, Weirdness & Mutations

You have very sharp teeth.
Your uncanny sense of smell can sniff out nearby items.
Your experience applies equally to all skills.


Message History

v - 2 scrolls labelled OBBUNO SI HOD (gained 1)
b - 60 sling bullets (gained 21)
Found a stone staircase leading up.
Found a stone staircase leading up.
z - 2 murky orange potions (gained 1)
You now have 206 gold pieces (gained 10).
Found a scale mail.
You see here a +0 scale mail.
Found a mace.
Found a runed translucent door.
Crazy Yiuf shouts!
You see here a +0 dagger.
There is a stone staircase leading down here.
Could not explore, unopened runed door.
You open the door. You hit Crazy Yiuf but do no damage.
Your bite misses Crazy Yiuf.
Crazy Yiuf hits you with a +4 quarterstaff of chaos.
You are poisoned.
You completely miss Crazy Yiuf. You bite Crazy Yiuf, but do no damage.
You feel sick.
Crazy Yiuf laughs, "Flower alas high!"
Crazy Yiuf hits you with a +4 quarterstaff of chaos.
Crazy Yiuf freezes you.
You closely miss Crazy Yiuf.
You feel sick.
Crazy Yiuf hits you with a +4 quarterstaff of chaos.
You hit Crazy Yiuf.
Crazy Yiuf is moderately wounded.
You feel sick.
Crazy Yiuf hits you with a +4 quarterstaff of chaos.
Crazy Yiuf burns you.
You hit Crazy Yiuf but do no damage. You bite Crazy Yiuf, but do no damage.
Crazy Yiuf is moderately wounded.
You feel sick.
Crazy Yiuf hits you with a +4 quarterstaff of chaos!
* * * LOW HITPOINT WARNING * * *
You feel your power leaking away.
You hit Crazy Yiuf. You bite Crazy Yiuf.
Crazy Yiuf is heavily wounded.
You feel sick.
Crazy Yiuf hits you with a +4 quarterstaff of chaos!
You die...

........#..>...#
#....#.....#####
##...###...#
....###....# #####
.#..###...## #..)#
.#..##....## #...#
....###....# ...
....#......# #g#
......###..# ♣♣@♣
....### ##.# ♣.♣♣
...## ##.# ♣♣.♣
.).######..# ♣.♣♣
..........## ♣♣.♣♣
....)....## ♣...♣♣
..####.#..## ♣....♣
..# #..#...# #....#
..###......####..##


You could see Crazy Yiuf.

Vanquished Creatures
  Jessica (D:2)
  2 iguanas (D:3)
  7 adders
  An ufetubus (D:4)
  2 adder skeletons (D:4)
  3 worms
  4 dart slugs
  7 ball pythons
  5 endoplasms
  4 giant cockroaches
  10 goblins
  4 hobgoblins (D:1)
  9 kobolds
  6 quokkas
  9 bats
  4 frilled lizards
  3 rats
81 creatures vanquished.

Notes
Turn   | Place    | Note
-------+----------+-------------------------------------------
     0 | D:1      | Kranky the Gnoll Wanderer began the quest for the Orb.
     0 | D:1      | Kranky set off with the following items: a +0 hunting
                  | sling, 22 sling bullets, 10 poisoned darts, a +0 dagger, a
                  | +0 leather armour; and the following spell memorised:
                  | Freeze; and the following spells available to memorise:
                  | Ensorcelled Hibernation, Summon Ice Beast
     0 | D:1      | Reached XP level 1. HP: 13/13 MP: 6/6
   357 | D:1      | Reached XP level 2. HP: 19/19 MP: 7/7
   610 | D:1      | Found Wez Hiax's Jewellery Shoppe.
   781 | D:1      | Reached XP level 3. HP: 25/25 MP: 9/9
   809 | D:1      | Reached skill level 5 in Spellcasting
  1377 | D:2      | Reached skill level 1 in Invocations
  1806 | D:2      | Found a shimmering altar of Xom.
  1865 | D:2      | Found a faded altar of an unknown god.
  1902 | D:2      | Reached skill level 1 in Fighting
  1902 | D:2      | Reached skill level 1 in Short Blades
  1902 | D:2      | Reached skill level 1 in Long Blades
  1902 | D:2      | Reached skill level 1 in Axes
  1902 | D:2      | Reached skill level 1 in Maces & Flails
  1902 | D:2      | Reached skill level 1 in Polearms
  1902 | D:2      | Reached skill level 1 in Staves
  1902 | D:2      | Reached skill level 1 in Bows
  1902 | D:2      | Reached skill level 1 in Crossbows
  1902 | D:2      | Reached skill level 1 in Dodging
  1902 | D:2      | Reached skill level 1 in Shields
  1902 | D:2      | Reached skill level 1 in Unarmed Combat
  1902 | D:2      | Reached skill level 1 in Evocations
  1924 | D:2      | Reached XP level 4. HP: 32/32 MP: 6/11
  2151 | D:2      | Noticed Jessica
  2157 | D:2      | Killed Jessica
  2158 | D:2      | Reached skill level 1 in Conjurations
  2158 | D:2      | Reached skill level 1 in Hexes
  2158 | D:2      | Reached skill level 1 in Summonings
  2158 | D:2      | Reached skill level 1 in Necromancy
  2158 | D:2      | Reached skill level 1 in Translocations
  2158 | D:2      | Reached skill level 1 in Transmutations
  2158 | D:2      | Reached skill level 1 in Fire Magic
  2158 | D:2      | Reached skill level 1 in Air Magic
  2158 | D:2      | Reached skill level 1 in Earth Magic
  2158 | D:2      | Reached skill level 1 in Poison Magic
  2728 | D:3      | Reached XP level 5. HP: 37/37 MP: 12/12
  3631 | D:3      | Reached XP level 6. HP: 14/44 MP: 13/13
  3913 | D:4      | Identified the +0 pair of boots "Jywebuep" {-Tele rElec
                  | Regen+}
  4318 | D:4      | Found a runed translucent door.
  4319 | D:4      | Noticed Crazy Yiuf
  4480 | D:4      | Slain by Crazy Yiuf

Illustrated notes

Levels and vault maps discovered:
D:1:      psy_arrival_basics, layout_loops_corners, serial_shops,
          nicolae_shop_crystal, minmay_nonomino_d4
D:2:      minmay_door_path, layout_basic, basic_altar,
          ebering_ecumenical_altar_webs, st_stairs_14, uniq_jessica
D:3:      layout_basic, due_unseen_surprise
D:4:      layout_cave_pools, uniq_crazy_yiuf_cottage

Skill      XL: |  1  2  3  4  5  6 |
---------------+-------------------+-----
Spellcasting   | 5 |  5.3
Invocations    | 1 2 |  2.0
Fighting       | 1 |  1.8
Short Blades   | 1 |  1.8
Long Blades    | 1 |  1.8
Axes           | 1 |  1.8
Maces & Flails | 1 |  1.8
Polearms       | 1 |  1.8
Staves         | 1 |  1.8
Bows           | 1 |  1.8
Crossbows      | 1 |  1.8
Dodging        | 1 |  1.8
Shields        | 1 |  1.8
Unarmed Combat | 1 |  1.8
Evocations     | 1 |  1.8
Conjurations   | 1 |  1.4
Hexes          | 1 |  1.4
Summonings     | 1 |  1.4
Necromancy     | 1 |  1.4
Translocations | 1 |  1.4
Transmutations | 1 |  1.4
Fire Magic     | 1 |  1.4
Air Magic      | 1 |  1.4
Earth Magic    | 1 |  1.4
Poison Magic   | 1 |  1.4
Throwing       | 3 |  3.1
Armour         | 3 |  3.1
Ice Magic      | 4 |  4.0
Stealth        | 3 |  3.0
Slings         | |  6.8

Action                   |  1- 3 |  4- 6 || total
-------------------------+-------+-------++-------
Melee: Dagger            |       |   181 ||   181
       Bite              |       |    19 ||    19
       Punch             |       |     4 ||     4
 Fire: Hunting sling     |    53 |    21 ||    74
 Cast: Freeze            |    32 |     7 ||    39
Armor: Leather armour    |     7 |       ||     7
       Chain mail        |       |   120 ||   120
Dodge: Dodged            |    20 |    63 ||    83
